Quebec Rempart vs Chicoutimi Sagueneens

Created - 9 janvier 2018 at 19:29

Goals
1 2 3 T
Quebec Rempart 1 2 2 5
Chicoutimi Sagueneens 0 0 3 3
Shots
1 2 3 T
Quebec Rempart 7 8 8 23
Chicoutimi Sagueneens 13 1 15 29

1st period

1. Quebec Rempart , Jujhar Khaira 18 (Colton Hargrove 5) at 13:42

Penalties :
Kevin Czuczman (REM) for Hooking (Minor) at 3:54, Jamie Oleksiak (SAG) for Tripping (Minor) at 13:52

2nd period

2. Quebec Rempart , Lauri Korpikoski 23 (Denis Malgin 23) at 5:57
3. Quebec Rempart , Colton Hargrove 8 (Jujhar Khaira 28) at 18:22 (PP)

Penalties :
Kevin Czuczman (REM) for Goalie Interference (Minor) at 1:44, Nick Seeler (REM) for High sticking (Minor) at 8:23, Kevin Czuczman (REM) for Interference (Minor) at 13:14, Gabriel Bourque (SAG) for Hooking (Minor) at 18:20

3rd period

4. Chicoutimi Sagueneens , Laurent Dauphin 15 (Jamie Oleksiak 18) at 3:13
5. Quebec Rempart , Denis Malgin 24 (Kevin Czuczman 26, Michael Joly 4) at 4:09
6. Chicoutimi Sagueneens , Stanislav Galiev 15 (Jean Dupuy 12, Mike Brown 3) at 8:01
7. Quebec Rempart , Ryan Kujawinski 7 (Jujhar Khaira 29) at 13:32
8. Chicoutimi Sagueneens , Scott Wilson 16 (Jamie Oleksiak 19) at 13:44

Penalties :
Mark Jankowski (REM) for Holding (Minor) at 5:18, Nick Ebert (REM) for Slashing (Minor) at 10:10, Jamie Oleksiak (SAG) for Hooking (Minor) at 16:28

Goalie Stats

Michael Leighton (REM), 26 saves from 29 shots - (0,897), W, 20-13-2, 60:00 minutes
Ville Husso (SAG), 15 saves from 19 shots - (0,789), L, 15-12-3, 44:09 minutes
Anthony Stolarz (SAG), 3 saves from 4 shots - (0,750), 15:51 minutes

Players Stats for Quebec Rempart

Player Name              G  A  P  +/- PIM S  H  SB GA TA FO     MP     PP MP  PK MP  
------------------------------------------------------------------------------------
Andrew Bodnarchuk        0  0  0  -1  0   0  0  0  0  1  0/0    12:01   0:00   1:03 
Brendan Lemieux          0  0  0   1  0   0  1  0  0  0  0/0     5:07   0:00   0:00 
Colton Hargrove          1  1  2   1  0   1  1  0  0  0  0/0    14:51   1:32   0:15 
Dan DeSalvo              0  0  0   1  0   3  0  0  0  0  1/2     9:19   0:00   3:39 
Darren Dietz             0  0  0   1  0   0  0  0  0  2  0/0    20:24   1:29   4:29 
Denis Malgin             1  1  2   1  0   3  1  0  0  0  2/4    13:20   0:09   0:00 
Joseph LaBate            0  0  0  -1  0   0  1  0  0  0  0/0     3:57   0:09   0:26 
Jujhar Khaira            1  2  3   1  0   3  1  1  0  1  4/9    19:05   1:32   4:42 
Kevin Czuczman           0  1  1   1  6   1  1  2  0  0  0/0    24:58   2:31   3:34 
Lauri Korpikoski         1  0  1  -1  0   4  3  3  0  2  18/30  23:11   2:19   5:41 
Mark Jankowski           0  0  0  -2  2   3  2  1  0  0  0/1    19:29   2:19   4:47 
Michael Joly             0  1  1   1  0   2  2  1  0  0  0/0    13:20   0:09   0:00 
Milan Michalek           0  0  0  -1  0   0  2  0  0  0  0/0    18:40   2:19   4:18 
Nick Ebert               0  0  0   1  2   0  0  1  0  0  0/0    20:47   1:29   4:47 
Nick Moutrey             0  0  0   1  0   0  2  0  0  0  0/0    13:03   0:00   0:00 
Nick Seeler              0  0  0  -1  2   0  0  0  0  0  0/0    14:36   0:00   3:31 
Ryan Kujawinski          1  0  1   1  0   1  2  2  0  1  0/0    14:23   1:32   0:00 
Yohann Auvitu            0  0  0   1  0   2  1  3  0  1  0/0    27:29   2:31   6:24 

Players Stats for Chicoutimi Sagueneens

Player Name              G  A  P  +/- PIM S  H  SB GA TA FO     MP     PP MP  PK MP  
------------------------------------------------------------------------------------
Alex Lintuniemi          0  0  0   1  0   1  1  1  0  0  0/0    20:54   4:56   1:11 
Chris Summers            0  0  0   1  0   2  2  1  0  0  0/0    22:07   4:56   1:53 
Derrick Pouliot          0  0  0  -1  0   3  4  0  0  0  0/0    26:47   6:58   2:36 
Gabriel Bourque          0  0  0  -3  2   1  0  0  1  0  0/1    16:48   5:14   0:00 
Iiro Pakarinen           0  0  0   1  0   3  0  0  1  0  1/2    19:55   6:10   1:01 
Jacob De La Rose         0  0  0  -3  0   0  1  0  0  0  0/0    17:50   5:14   1:01 
Jamie Oleksiak           0  2  2  -1  4   3  6  3  1  0  0/0    24:46   6:58   0:02 
Jean Dupuy               0  1  1   0  0   2  0  0  0  0  0/0     9:17   0:00   0:00 
Laurent Dauphin          1  0  1  -3  0   2  0  1  0  0  5/8    18:46   5:12   2:00 
Ludwig Bystrom           0  0  0  -1  0   0  0  1  0  0  0/0    13:32   0:00   2:01 
Matt White               0  0  0   1  0   0  1  0  0  0  1/2    10:39   0:27   0:00 
Maxime Fortunus          0  0  0  -1  0   0  0  2  0  0  0/0    12:22   0:00   0:17 
Miikka Salomaki          0  0  0   1  0   1  0  0  0  0  0/0     9:37   0:00   0:00 
Mike Brown               0  1  1   0  0   1  0  0  0  0  0/0     9:17   0:00   0:00 
Rocco Grimaldi           0  0  0   1  0   2  4  0  1  0  0/0    19:20   6:35   0:00 
Scott Wilson             1  0  1   1  0   2  0  0  2  0  14/32  20:58   6:05   2:00 
Stanislav Galiev         1  0  1   1  0   5  0  0  1  0  0/1    12:10   0:45   0:59 
Zach Sill                0  0  0   0  0   1  2  1  1  0  0/0    10:52   0:00   0:59 

3 Stars

1 - Jujhar Khaira (REM)
2 - Colton Hargrove (REM)
3 - Denis Malgin (REM)

Power Play

Quebec Rempart - 1 on 3 Attempt(s) - 33,33%
Chicoutimi Sagueneens - 0 on 6 Attempt(s) - 0,00%

Penalty Kill

Quebec Rempart - 6 on 6 Attempt(s) - 100,00% - Score 0 goal in Penalty Kill
Chicoutimi Sagueneens - 2 on 3 Attempt(s) - 66,67% - Score 0 goal in Penalty Kill

Team Stat

Quebec Rempart - Hits : 20 - Faceoff Wins : 25 - Blocked Shots : 14 - Penalty Minutes : 12
Chicoutimi Sagueneens - Hits : 21 - Faceoff Wins : 21 - Blocked Shots : 10 - Penalty Minutes : 6

Official

Referees : Mike Hasenfratz and Gord Dwyer
Linesman : Tony Sericolo and Shandor Alphonso

Game Notes

Anthony Stolarz enters game at 4:09 of 3rd period

Finance

Level 1 -- Attendance: 1545 (77,25%) -- Ticket Income 54 075 $
Level 2 -- Attendance: 750 (75,00%) -- Ticket Income 11 250 $
Total Attendance: 2295 (76,50%)
Total Ticket Income: 65 325 $
Other Income: 32 009 $
Total Income: 97 334 $

Quebec Rempart

5 vs 5 Forward 
   Center                   Left Wing                Right Wing               Time % Phy DF OF 
 1 Lauri Korpikoski         Mark Jankowski           Milan Michalek           40     1   2  2  
 2 Jujhar Khaira            Colton Hargrove          Ryan Kujawinski          30     1   2  2  
 3 Denis Malgin             Nick Moutrey             Michael Joly             20     1   2  2  
 4 Dan DeSalvo              Brendan Lemieux          Lauri Korpikoski         10     1   2  2  

5 vs 5 Defense 
   Defense                  Defense                                           Time % Phy DF OF 
 1 Kevin Czuczman           Yohann Auvitu                                     40     1   2  2  
 2 Nick Ebert               Darren Dietz                                      30     1   2  2  
 3 Andrew Bodnarchuk        Nick Seeler                                       20     1   2  2  
 4 Kevin Czuczman           Yohann Auvitu                                     10     1   2  2  

PowerPlay Forward 
   Center                   Left Wing                Right Wing               Time % Phy DF OF 
 1 Lauri Korpikoski         Mark Jankowski           Milan Michalek           60     1   2  2  
 2 Jujhar Khaira            Colton Hargrove          Ryan Kujawinski          40     1   2  2  

PowerPlay Defense
   Defense                  Defense                                           Time % Phy DF OF 
 1 Kevin Czuczman           Yohann Auvitu                                     60     1   2  2  
 2 Nick Ebert               Darren Dietz                                      40     1   2  2  

Penalty Kill 4 Players Forward 
   Center                   Wing                     Time % Phy DF OF 
 1 Lauri Korpikoski         Mark Jankowski           60     1   2  2  
 2 Jujhar Khaira            Milan Michalek           40     1   2  2  

Penalty Kill 4 Players Defense
   Defense                  Defense                  Time % Phy DF OF 
 1 Kevin Czuczman           Yohann Auvitu            60     1   2  2  
 2 Nick Ebert               Darren Dietz             40     1   2  2  

Penalty Kill - 3 Players Forward 
   Forward                                           Time % Phy DF OF 
 1 Lauri Korpikoski                                  60     1   2  2  
 2 Mark Jankowski                                    40     1   2  2  

Penalty Kill - 3 Players Defense
   Defense                  Defense                  Time % Phy DF OF 
 1 Kevin Czuczman           Yohann Auvitu            60     1   2  2  
 2 Nick Ebert               Darren Dietz             40     1   2  2  

4 vs 4 Forward 
   Center                   Wing                     Time % Phy DF OF 
 1 Lauri Korpikoski         Mark Jankowski           60     1   2  2  
 2 Jujhar Khaira            Milan Michalek           40     1   2  2  

4 vs 4 Defense
   Defense                  Defense                  Time % Phy DF OF 
 1 Kevin Czuczman           Yohann Auvitu            60     1   2  2  
 2 Nick Ebert               Darren Dietz             40     1   2  2  

Last Minutes Offensive
   Center                   Left Wing                Right Wing               Defense                  Defense                  
   Lauri Korpikoski         Mark Jankowski           Milan Michalek           Kevin Czuczman           Yohann Auvitu            

Last Minutes Defensive
   Center                   Left Wing                Right Wing               Defense                  Defense                  
   Lauri Korpikoski         Mark Jankowski           Milan Michalek           Kevin Czuczman           Yohann Auvitu            

Goaltenders
Starting : Michael Leighton         
Backup : Spencer Martin           

Extra Forwards
Normal : Joseph LaBate, Denis Malgin, Dan DeSalvo - PP : Joseph LaBate, Denis Malgin - PK : Dan DeSalvo
Extra Defensemen
Normal : Andrew Bodnarchuk, Nick Seeler, Nick Ebert - PP : Andrew Bodnarchuk - PK : Nick Seeler, Nick Ebert
Penalty Shots
Lauri Korpikoski, Mark Jankowski, Jujhar Khaira, Milan Michalek, Denis Malgin

Scratches
Dmytro Timashov (Healthy), Tanner Fritz (Strained Groin Injury)

Chicoutimi Sagueneens

5 vs 5 Forward 
   Center                   Left Wing                Right Wing               Time % Phy DF OF 
 1 Scott Wilson             Iiro Pakarinen           Rocco Grimaldi           40     1   2  2  
 2 Laurent Dauphin          Jacob De La Rose         Gabriel Bourque          30     1   2  2  
 3 Matt White               Stanislav Galiev         Miikka Salomaki          20     1   2  2  
 4 Zach Sill                Jean Dupuy               Mike Brown               10     1   2  2  

5 vs 5 Defense 
   Defense                  Defense                                           Time % Phy DF OF 
 1 Jamie Oleksiak           Derrick Pouliot                                   40     1   2  2  
 2 Chris Summers            Alex Lintuniemi                                   30     1   2  2  
 3 Maxime Fortunus          Ludwig Bystrom                                    20     1   2  2  
 4 Jamie Oleksiak           Derrick Pouliot                                   10     1   2  2  

PowerPlay Forward 
   Center                   Left Wing                Right Wing               Time % Phy DF OF 
 1 Scott Wilson             Iiro Pakarinen           Rocco Grimaldi           60     1   2  2  
 2 Laurent Dauphin          Jacob De La Rose         Gabriel Bourque          40     1   2  2  

PowerPlay Defense
   Defense                  Defense                                           Time % Phy DF OF 
 1 Jamie Oleksiak           Derrick Pouliot                                   60     1   2  2  
 2 Chris Summers            Alex Lintuniemi                                   40     1   2  2  

Penalty Kill 4 Players Forward 
   Center                   Wing                     Time % Phy DF OF 
 1 Scott Wilson             Laurent Dauphin          60     1   2  2  
 2 Iiro Pakarinen           Jacob De La Rose         40     1   2  2  

Penalty Kill 4 Players Defense
   Defense                  Defense                  Time % Phy DF OF 
 1 Jamie Oleksiak           Derrick Pouliot          60     1   2  2  
 2 Chris Summers            Alex Lintuniemi          40     1   2  2  

Penalty Kill - 3 Players Forward 
   Forward                                           Time % Phy DF OF 
 1 Scott Wilson                                      60     1   2  2  
 2 Laurent Dauphin                                   40     1   2  2  

Penalty Kill - 3 Players Defense
   Defense                  Defense                  Time % Phy DF OF 
 1 Jamie Oleksiak           Derrick Pouliot          60     1   2  2  
 2 Chris Summers            Alex Lintuniemi          40     1   2  2  

4 vs 4 Forward 
   Center                   Wing                     Time % Phy DF OF 
 1 Scott Wilson             Laurent Dauphin          60     1   2  2  
 2 Iiro Pakarinen           Jacob De La Rose         40     1   2  2  

4 vs 4 Defense
   Defense                  Defense                  Time % Phy DF OF 
 1 Jamie Oleksiak           Derrick Pouliot          60     1   2  2  
 2 Chris Summers            Alex Lintuniemi          40     1   2  2  

Last Minutes Offensive
   Center                   Left Wing                Right Wing               Defense                  Defense                  
   Scott Wilson             Iiro Pakarinen           Rocco Grimaldi           Jamie Oleksiak           Derrick Pouliot          

Last Minutes Defensive
   Center                   Left Wing                Right Wing               Defense                  Defense                  
   Scott Wilson             Iiro Pakarinen           Rocco Grimaldi           Jamie Oleksiak           Derrick Pouliot          

Goaltenders
Starting : Ville Husso              
Backup : Anthony Stolarz          

Extra Forwards
Normal : Stanislav Galiev, Matt White, Zach Sill - PP : Stanislav Galiev, Matt White - PK : Zach Sill
Extra Defensemen
Normal : Maxime Fortunus, Ludwig Bystrom, Chris Summers - PP : Maxime Fortunus - PK : Ludwig Bystrom, Chris Summers
Penalty Shots
Scott Wilson, Laurent Dauphin, Iiro Pakarinen, Jacob De La Rose, Rocco Grimaldi

Scratches
Justin Kea (Healthy), Clark Bishop (Healthy), Chris McCarthy (Healthy), Braden Christoffer (Healthy)

% Time on Ice - Quebec Rempart

Lines # - Real PCT - Wanted PCT - Time Play
Normal Forward
1 - 29% - 40% - 12:45
2 - 30% - 30% - 13:11
3 - 30% - 20% - 13:03
4 - 12% - 10% - 5:07
Normal Defense
1 - 40% - 40% - 17:46
2 - 33% - 30% - 14:26
3 - 24% - 20% - 10:25
4 - 3% - 10% - 1:29
PP Forward
1 - 62% - 60% - 2:28
2 - 38% - 40% - 1:32
PP Defense
1 - 63% - 60% - 2:31
2 - 37% - 40% - 1:29
PK Forward
1 - 75% - 60% - 8:55
2 - 25% - 40% - 2:59
PK Defense
1 - 62% - 60% - 7:25
2 - 38% - 40% - 4:29
PK3 Forward
1 - 0% - 60%
2 - 0% - 40%
PK3 Defense
1 - 0% - 60%
2 - 0% - 40%
44 Forward
1 - 0% - 60%
2 - 0% - 40%
44 Defense
1 - 0% - 60%
2 - 0% - 40%
Last Minute Offensive  - 0:00
Last Minute Defensive  - 0:00
Total
Forward - 60:00
Defense - 60:00

% Time on Ice - Chicoutimi Sagueneens

Lines # - Real PCT - Wanted PCT - Time Play
Normal Forward
1 - 31% - 40% - 13:37
2 - 26% - 30% - 11:35
3 - 22% - 20% - 9:37
4 - 21% - 10% - 9:17
Normal Defense
1 - 40% - 40% - 17:27
2 - 33% - 30% - 14:38
3 - 26% - 20% - 11:37
4 - 1% - 10% - 0:24
PP Forward
1 - 56% - 60% - 6:40
2 - 44% - 40% - 5:14
PP Defense
1 - 59% - 60% - 6:58
2 - 41% - 40% - 4:56
PK Forward
1 - 75% - 60% - 2:59
2 - 25% - 40% - 1:01
PK Defense
1 - 70% - 60% - 2:49
2 - 30% - 40% - 1:11
PK3 Forward
1 - 0% - 60%
2 - 0% - 40%
PK3 Defense
1 - 0% - 60%
2 - 0% - 40%
44 Forward
1 - 0% - 60%
2 - 0% - 40%
44 Defense
1 - 0% - 60%
2 - 0% - 40%
Last Minute Offensive  - 0:00
Last Minute Defensive  - 0:00
Total
Forward - 60:00
Defense - 60:00

Play by Play

1st period


0:01 of 1st period - Lauri Korpikoski wins face-off versus Scott Wilson in neutral zone.
0:50 of 1st period - Slapshot by Stanislav Galiev.
0:50 of 1st period - Shot Blocked by Michael Joly.
0:52 of 1st period - Snap shot by Miikka Salomaki.
0:52 of 1st period - Stopped by Michael Leighton with a rebound.
0:54 of 1st period - Wrist shot by Matt White.
0:54 of 1st period - Shot Misses the Net.
2:00 of 1st period - Wrist shot by Mike Brown.
2:00 of 1st period - Deflect By Jean Dupuy.
2:00 of 1st period - Stopped by Michael Leighton with a rebound.
2:02 of 1st period - Wrist shot by Zach Sill.
2:02 of 1st period - Shot Blocked by Nick Ebert.
2:59 of 1st period - Snap shot by Mike Brown.
2:59 of 1st period - Stopped by Michael Leighton without a rebound.
3:00 of 1st period - Scott Wilson wins face-off versus Lauri Korpikoski in Quebec Rempart zone.
3:01 of 1st period - Snap shot by Iiro Pakarinen.
3:01 of 1st period - Shot Blocked by Lauri Korpikoski.
3:03 of 1st period - Slapshot by Derrick Pouliot.
3:03 of 1st period - Stopped by Michael Leighton with a rebound.
3:05 of 1st period - Wrist shot by Rocco Grimaldi.
3:05 of 1st period - Stopped by Michael Leighton without a rebound.
3:06 of 1st period - Lauri Korpikoski wins face-off versus Scott Wilson in Quebec Rempart zone.
3:11 of 1st period - Snap shot by Mark Jankowski.
3:11 of 1st period - Stopped by Ville Husso with a rebound.
3:31 of 1st period - Wrist shot by Lauri Korpikoski.
3:31 of 1st period - Deflect By Jacob De La Rose.
3:31 of 1st period - Shot Misses the Net.
3:31 of 1st period - Puck is out of play.
3:32 of 1st period - Laurent Dauphin wins face-off versus Jujhar Khaira in Chicoutimi Sagueneens zone.
3:32 of 1st period - Laurent Dauphin is hit by Ryan Kujawinski.
3:40 of 1st period - Wrist shot by Gabriel Bourque.
3:40 of 1st period - Shot Misses the Net.
3:54 of 1st period - Minor Penalty to Kevin Czuczman for Hooking.
3:55 of 1st period - Scott Wilson wins face-off versus Lauri Korpikoski in Quebec Rempart zone.
4:26 of 1st period - Slapshot by Jamie Oleksiak.
4:26 of 1st period - Shot Misses the Net.
4:28 of 1st period - Slapshot by Jamie Oleksiak.
4:28 of 1st period - Deflect By Milan Michalek.
4:28 of 1st period - Stopped by Michael Leighton with a rebound.
4:30 of 1st period - Slapshot by Derrick Pouliot.
4:30 of 1st period - Stopped by Michael Leighton with a rebound.
4:32 of 1st period - Slapshot by Derrick Pouliot.
4:32 of 1st period - Shot Blocked by Jujhar Khaira.
5:45 of 1st period - Milan Michalek is hit by Derrick Pouliot.
5:54 of 1st period - Penalty to Kevin Czuczman is over, Kevin Czuczman is back on ice.
6:01 of 1st period - Kevin Czuczman is hit by Zach Sill and loses puck.
6:08 of 1st period - Wrist shot by Michael Joly.
6:08 of 1st period - Deflect By Denis Malgin.
6:08 of 1st period - Shot Misses the Net.
6:08 of 1st period - Puck is out of play.
6:09 of 1st period - Matt White wins face-off versus Jujhar Khaira in Chicoutimi Sagueneens zone.
6:26 of 1st period - Maxime Fortunus is hit by Brendan Lemieux and loses puck.
7:46 of 1st period - Michael Joly is hit by Jamie Oleksiak and loses puck.
8:11 of 1st period - Icing by Scott Wilson.
8:12 of 1st period - Lauri Korpikoski wins face-off versus Scott Wilson in Chicoutimi Sagueneens zone.
8:23 of 1st period - Snap shot by Iiro Pakarinen.
8:23 of 1st period - Deflect By Scott Wilson.
8:23 of 1st period - Deflect By Mark Jankowski.
8:23 of 1st period - Shot Misses the Net.
8:23 of 1st period - Puck is out of play.
8:24 of 1st period - Jujhar Khaira wins face-off versus Laurent Dauphin in Quebec Rempart zone.
8:31 of 1st period - Wrist shot by Ryan Kujawinski.
8:31 of 1st period - Shot Blocked by Jamie Oleksiak.
8:49 of 1st period - Darren Dietz is hit by Rocco Grimaldi and loses puck.
8:58 of 1st period - Backhand shot by Rocco Grimaldi.
8:58 of 1st period - Stopped by Michael Leighton without a rebound.
8:59 of 1st period - Scott Wilson wins face-off versus Jujhar Khaira in Quebec Rempart zone.
11:08 of 1st period - Slapshot by Jamie Oleksiak.
11:08 of 1st period - Stopped by Michael Leighton with a rebound.
11:29 of 1st period - Off-side.
11:30 of 1st period - Denis Malgin wins face-off versus Gabriel Bourque in neutral zone.
11:35 of 1st period - Wrist shot by Michael Joly.
11:35 of 1st period - Shot Blocked by Laurent Dauphin.
12:23 of 1st period - Wrist shot by Mark Jankowski.
12:23 of 1st period - Deflect By Lauri Korpikoski.
12:23 of 1st period - Stopped by Ville Husso with a rebound.
12:35 of 1st period - Slapshot by Yohann Auvitu.
12:35 of 1st period - Stopped by Ville Husso without a rebound.
12:36 of 1st period - Laurent Dauphin wins face-off versus Denis Malgin in Chicoutimi Sagueneens zone.
13:08 of 1st period - Snap shot by Lauri Korpikoski.
13:08 of 1st period - Shot Misses the Net.
13:10 of 1st period - Slapshot by Mark Jankowski.
13:10 of 1st period - Shot Misses the Net.
13:12 of 1st period - Snap shot by Mark Jankowski.
13:12 of 1st period - Deflect By Lauri Korpikoski.
13:12 of 1st period - Shot Hit the Post.
13:12 of 1st period - Puck is out of play.
13:13 of 1st period - Laurent Dauphin wins face-off versus Lauri Korpikoski in Chicoutimi Sagueneens zone.
13:13 of 1st period - Laurent Dauphin is hit by Lauri Korpikoski.
13:37 of 1st period - Derrick Pouliot is hit by Jujhar Khaira and loses puck.
13:42 of 1st period - Snap shot by Jujhar Khaira.
13:42 of 1st period - Goal by Jujhar Khaira - Quebec Rempart : 1 - Chicoutimi Sagueneens : 0.
13:43 of 1st period - Lauri Korpikoski wins face-off versus Scott Wilson in neutral zone.
13:45 of 1st period - Off-side.
13:46 of 1st period - Lauri Korpikoski wins face-off versus Scott Wilson in neutral zone.
13:49 of 1st period - Snap shot by Lauri Korpikoski.
13:49 of 1st period - Deflect By Mark Jankowski.
13:49 of 1st period - Shot Misses the Net.
13:49 of 1st period - Puck is out of play.
13:50 of 1st period - Scott Wilson wins face-off versus Lauri Korpikoski in Chicoutimi Sagueneens zone.
13:52 of 1st period - Minor Penalty to Jamie Oleksiak for Tripping.
13:53 of 1st period - Scott Wilson wins face-off versus Lauri Korpikoski in Chicoutimi Sagueneens zone.
14:07 of 1st period - Slapshot by Mark Jankowski.
14:07 of 1st period - Stopped by Ville Husso without a rebound.
14:08 of 1st period - Scott Wilson wins face-off versus Lauri Korpikoski in Chicoutimi Sagueneens zone.
14:13 of 1st period - Slapshot by Derrick Pouliot.
14:13 of 1st period - Shot Blocked by Yohann Auvitu.
14:39 of 1st period - Slapshot by Yohann Auvitu.
14:39 of 1st period - Stopped by Ville Husso with a rebound.
14:41 of 1st period - Snap shot by Ryan Kujawinski.
14:41 of 1st period - Shot Misses the Net.
15:32 of 1st period - Yohann Auvitu is hit by Zach Sill and loses puck.
15:37 of 1st period - Wrist shot by Derrick Pouliot.
15:37 of 1st period - Shot Blocked by Mark Jankowski.
15:39 of 1st period - Slapshot by Derrick Pouliot.
15:39 of 1st period - Shot Misses the Net.
15:41 of 1st period - Slapshot by Chris Summers.
15:41 of 1st period - Deflect By Mark Jankowski.
15:41 of 1st period - Stopped by Michael Leighton with a rebound.
15:43 of 1st period - Slapshot by Derrick Pouliot.
15:43 of 1st period - Shot Blocked by Lauri Korpikoski.
15:45 of 1st period - Slapshot by Derrick Pouliot.
15:45 of 1st period - Shot Misses the Net.
15:52 of 1st period - Penalty to Jamie Oleksiak is over, Jamie Oleksiak is back on ice.
17:03 of 1st period - Wrist shot by Denis Malgin.
17:03 of 1st period - Shot Misses the Net.
18:25 of 1st period - Off-side.
18:26 of 1st period - Laurent Dauphin wins face-off versus Dan DeSalvo in neutral zone.
18:39 of 1st period - Slapshot by Kevin Czuczman.
18:39 of 1st period - Stopped by Ville Husso with a rebound.
18:41 of 1st period - Slapshot by Yohann Auvitu.
18:41 of 1st period - Shot Blocked by Maxime Fortunus.
19:00 of 1st period - Wrist shot by Stanislav Galiev.
19:00 of 1st period - Shot Misses the Net.
19:02 of 1st period - Wrist shot by Stanislav Galiev.
19:02 of 1st period - Stopped by Michael Leighton with a rebound.
19:04 of 1st period - Snap shot by Jamie Oleksiak.
19:04 of 1st period - Shot Blocked by Ryan Kujawinski.
19:14 of 1st period - Snap shot by Iiro Pakarinen.
19:14 of 1st period - Shot Blocked by Lauri Korpikoski.
19:16 of 1st period - Snap shot by Alex Lintuniemi.
19:16 of 1st period - Stopped by Michael Leighton with a rebound.
19:18 of 1st period - Wrist shot by Scott Wilson.
19:18 of 1st period - Stopped by Michael Leighton with a rebound.
19:20 of 1st period - Wrist shot by Iiro Pakarinen.
19:20 of 1st period - Shot Misses the Net.
19:22 of 1st period - Slapshot by Alex Lintuniemi.
19:22 of 1st period - Shot Blocked by Kevin Czuczman.
Goals for this period are 1 for Quebec Rempart vs 0 for Chicoutimi Sagueneens.
Shots for this period are 7 for Quebec Rempart vs 13 for Chicoutimi Sagueneens.

2nd period


0:01 of 2nd period - Scott Wilson wins face-off versus Lauri Korpikoski in neutral zone.
0:26 of 2nd period - Snap shot by Jujhar Khaira.
0:26 of 2nd period - Stopped by Ville Husso with a rebound.
0:47 of 2nd period - Michael Joly is hit by Chris Summers and loses puck.
1:28 of 2nd period - Chris Summers is hit by Lauri Korpikoski and loses puck.
1:44 of 2nd period - Minor Penalty to Kevin Czuczman for Goalie Interference.
1:45 of 2nd period - Scott Wilson wins face-off versus Mark Jankowski in Quebec Rempart zone.
3:44 of 2nd period - Penalty to Kevin Czuczman is over, Kevin Czuczman is back on ice.
4:45 of 2nd period - Kevin Czuczman is hit by Derrick Pouliot.
5:46 of 2nd period - Maxime Fortunus is hit by Mark Jankowski and loses puck.
5:57 of 2nd period - Snap shot by Lauri Korpikoski.
5:57 of 2nd period - Goal by Lauri Korpikoski - Quebec Rempart : 2 - Chicoutimi Sagueneens : 0.
5:58 of 2nd period - Scott Wilson wins face-off versus Lauri Korpikoski in neutral zone.
6:03 of 2nd period - Snap shot by Lauri Korpikoski.
6:03 of 2nd period - Shot Misses the Net.
6:52 of 2nd period - Michael Joly is hit by Derrick Pouliot and loses puck.
7:19 of 2nd period - Lauri Korpikoski is hit by Jamie Oleksiak and loses puck.
7:38 of 2nd period - Ryan Kujawinski is hit by Chris Summers and loses puck.
7:58 of 2nd period - Mark Jankowski is hit by Jacob De La Rose and loses puck.
8:23 of 2nd period - Minor Penalty to Nick Seeler for High sticking.
8:24 of 2nd period - Lauri Korpikoski wins face-off versus Scott Wilson in Quebec Rempart zone.
8:34 of 2nd period - Snap shot by Scott Wilson.
8:34 of 2nd period - Shot Misses the Net.
8:51 of 2nd period - Laurent Dauphin is hit by Milan Michalek and loses puck.
10:23 of 2nd period - Penalty to Nick Seeler is over, Nick Seeler is back on ice.
10:36 of 2nd period - Wrist shot by Denis Malgin.
10:36 of 2nd period - Stopped by Ville Husso with a rebound.
10:38 of 2nd period - Slapshot by Andrew Bodnarchuk.
10:38 of 2nd period - Shot Blocked by Jamie Oleksiak.
12:24 of 2nd period - Alex Lintuniemi is hit by Colton Hargrove and loses puck.
13:06 of 2nd period - Ludwig Bystrom is hit by Ryan Kujawinski and loses puck.
13:14 of 2nd period - Minor Penalty to Kevin Czuczman for Interference.
13:15 of 2nd period - Lauri Korpikoski wins face-off versus Scott Wilson in Quebec Rempart zone.
13:28 of 2nd period - Slapshot by Jamie Oleksiak.
13:28 of 2nd period - Stopped by Michael Leighton with a rebound.
13:30 of 2nd period - Slapshot by Jamie Oleksiak.
13:30 of 2nd period - Shot Misses the Net.
14:05 of 2nd period - Nick Seeler is hit by Rocco Grimaldi and loses puck.
15:14 of 2nd period - Penalty to Kevin Czuczman is over, Kevin Czuczman is back on ice.
15:26 of 2nd period - Maxime Fortunus is hit by Denis Malgin and loses puck.
16:51 of 2nd period - Mike Brown is hit by Kevin Czuczman and loses puck.
17:17 of 2nd period - Kevin Czuczman is hit by Jamie Oleksiak and loses puck.
17:30 of 2nd period - Mark Jankowski is hit by Rocco Grimaldi and loses puck.
17:59 of 2nd period - Jacob De La Rose is hit by Mark Jankowski and loses puck.
18:14 of 2nd period - Slapshot by Mark Jankowski.
18:14 of 2nd period - Stopped by Ville Husso with a rebound.
18:16 of 2nd period - Snap shot by Milan Michalek.
18:16 of 2nd period - Shot Misses the Net.
18:18 of 2nd period - Slapshot by Darren Dietz.
18:18 of 2nd period - Shot Blocked by Chris Summers.
18:20 of 2nd period - Minor Penalty to Gabriel Bourque for Hooking.
18:21 of 2nd period - Jujhar Khaira wins face-off versus Scott Wilson in Chicoutimi Sagueneens zone.
18:22 of 2nd period - Snap shot by Colton Hargrove.
18:22 of 2nd period - Goal by Colton Hargrove - Quebec Rempart : 3 - Chicoutimi Sagueneens : 0.
18:23 of 2nd period - Lauri Korpikoski wins face-off versus Scott Wilson in neutral zone.
18:57 of 2nd period - Slapshot by Nick Ebert.
18:57 of 2nd period - Shot Blocked by Jamie Oleksiak.
19:33 of 2nd period - Snap shot by Lauri Korpikoski.
19:33 of 2nd period - Shot Misses the Net.
19:39 of 2nd period - Slapshot by Lauri Korpikoski.
19:39 of 2nd period - Shot Blocked by Alex Lintuniemi.
19:51 of 2nd period - Wrist shot by Dan DeSalvo.
19:51 of 2nd period - Stopped by Ville Husso without a rebound.
19:52 of 2nd period - Dan DeSalvo wins face-off versus Scott Wilson in Chicoutimi Sagueneens zone.
19:53 of 2nd period - Snap shot by Lauri Korpikoski.
19:53 of 2nd period - Stopped by Ville Husso with a rebound.
19:55 of 2nd period - Slapshot by Yohann Auvitu.
19:55 of 2nd period - Shot Blocked by Ludwig Bystrom.
19:57 of 2nd period - Wrist shot by Brendan Lemieux.
19:57 of 2nd period - Shot Blocked by Maxime Fortunus.
19:59 of 2nd period - Slapshot by Dan DeSalvo.
19:59 of 2nd period - Stopped by Ville Husso without a rebound.
Goals for this period are 2 for Quebec Rempart vs 0 for Chicoutimi Sagueneens.
Shots for this period are 8 for Quebec Rempart vs 1 for Chicoutimi Sagueneens.

3rd period


0:01 of 3rd period - Lauri Korpikoski wins face-off versus Scott Wilson in neutral zone.
0:50 of 3rd period - Stanislav Galiev is hit by Nick Moutrey.
1:00 of 3rd period - Wrist shot by Stanislav Galiev.
1:00 of 3rd period - Shot Misses the Net.
1:12 of 3rd period - Snap shot by Zach Sill.
1:12 of 3rd period - Stopped by Michael Leighton with a rebound.
1:14 of 3rd period - Slapshot by Jean Dupuy.
1:14 of 3rd period - Shot Misses the Net.
1:47 of 3rd period - Laurent Dauphin is hit by Yohann Auvitu and loses puck.
2:10 of 3rd period - Wrist shot by Matt White.
2:10 of 3rd period - Shot Blocked by Yohann Auvitu.
2:14 of 3rd period - Wrist shot by Stanislav Galiev.
2:14 of 3rd period - Stopped by Michael Leighton with a rebound.
2:16 of 3rd period - Snap shot by Stanislav Galiev.
2:16 of 3rd period - Shot Blocked by Yohann Auvitu.
2:18 of 3rd period - Snap shot by Stanislav Galiev.
2:18 of 3rd period - Stopped by Michael Leighton with a rebound.
2:20 of 3rd period - Wrist shot by Miikka Salomaki.
2:20 of 3rd period - Shot Blocked by Kevin Czuczman.
2:40 of 3rd period - Wrist shot by Jean Dupuy.
2:40 of 3rd period - Stopped by Michael Leighton with a rebound.
2:42 of 3rd period - Slapshot by Maxime Fortunus.
2:42 of 3rd period - Deflect By Mike Brown.
2:42 of 3rd period - Shot Misses the Net.
2:42 of 3rd period - Puck is out of play.
2:43 of 3rd period - Scott Wilson wins face-off versus Denis Malgin in Quebec Rempart zone.
3:08 of 3rd period - Ryan Kujawinski is hit by Jamie Oleksiak and loses puck.
3:13 of 3rd period - Wrist shot by Laurent Dauphin.
3:13 of 3rd period - Goal by Laurent Dauphin - Quebec Rempart : 3 - Chicoutimi Sagueneens : 1.
3:14 of 3rd period - Scott Wilson wins face-off versus Lauri Korpikoski in neutral zone.
3:30 of 3rd period - Slapshot by Lauri Korpikoski.
3:30 of 3rd period - Stopped by Ville Husso with a rebound.
3:42 of 3rd period - Kevin Czuczman is hit by Matt White and loses puck.
4:05 of 3rd period - Slapshot by Michael Joly.
4:05 of 3rd period - Stopped by Ville Husso with a rebound.
4:07 of 3rd period - Slapshot by Michael Joly.
4:07 of 3rd period - Stopped by Ville Husso with a rebound.
4:09 of 3rd period - Snap shot by Kevin Czuczman.
4:09 of 3rd period - Deflect By Denis Malgin.
4:09 of 3rd period - Goal by Denis Malgin - Quebec Rempart : 4 - Chicoutimi Sagueneens : 1.
4:09 of 3rd period - Anthony Stolarz enters game.
4:10 of 3rd period - Scott Wilson wins face-off versus Lauri Korpikoski in neutral zone.
5:07 of 3rd period - Off-side.
5:08 of 3rd period - Laurent Dauphin wins face-off versus Jujhar Khaira in neutral zone.
5:15 of 3rd period - Slapshot by Gabriel Bourque.
5:15 of 3rd period - Stopped by Michael Leighton without a rebound.
5:16 of 3rd period - Lauri Korpikoski wins face-off versus Laurent Dauphin in Quebec Rempart zone.
5:18 of 3rd period - Minor Penalty to Mark Jankowski for Holding.
5:19 of 3rd period - Lauri Korpikoski wins face-off versus Scott Wilson in Quebec Rempart zone.
5:31 of 3rd period - Kevin Czuczman is hit by Rocco Grimaldi and loses puck.
7:08 of 3rd period - Yohann Auvitu is hit by Alex Lintuniemi and loses puck.
7:18 of 3rd period - Penalty to Mark Jankowski is over, Mark Jankowski is back on ice.
7:29 of 3rd period - Wrist shot by Denis Malgin.
7:29 of 3rd period - Shot Misses the Net.
7:31 of 3rd period - Snap shot by Andrew Bodnarchuk.
7:31 of 3rd period - Shot Blocked by Zach Sill.
7:33 of 3rd period - Wrist shot by Michael Joly.
7:33 of 3rd period - Shot Misses the Net.
7:35 of 3rd period - Slapshot by Andrew Bodnarchuk.
7:35 of 3rd period - Shot Misses the Net.
8:01 of 3rd period - Snap shot by Stanislav Galiev.
8:01 of 3rd period - Goal by Stanislav Galiev - Quebec Rempart : 4 - Chicoutimi Sagueneens : 2.
8:02 of 3rd period - Lauri Korpikoski wins face-off versus Iiro Pakarinen in neutral zone.
8:05 of 3rd period - Jamie Oleksiak is hit by Milan Michalek and loses puck.
8:48 of 3rd period - Snap shot by Denis Malgin.
8:48 of 3rd period - Shot Hit the Post.
8:58 of 3rd period - Slapshot by Stanislav Galiev.
8:58 of 3rd period - Stopped by Michael Leighton with a rebound.
9:16 of 3rd period - Snap shot by Dan DeSalvo.
9:16 of 3rd period - Stopped by Anthony Stolarz with a rebound.
9:55 of 3rd period - Snap shot by Laurent Dauphin.
9:55 of 3rd period - Deflect By Darren Dietz.
9:55 of 3rd period - Stopped by Michael Leighton without a rebound.
9:56 of 3rd period - Scott Wilson wins face-off versus Jujhar Khaira in Quebec Rempart zone.
9:59 of 3rd period - Snap shot by Iiro Pakarinen.
9:59 of 3rd period - Stopped by Michael Leighton with a rebound.
10:01 of 3rd period - Slapshot by Iiro Pakarinen.
10:01 of 3rd period - Shot Misses the Net.
10:03 of 3rd period - Wrist shot by Chris Summers.
10:03 of 3rd period - Deflect By Nick Seeler.
10:03 of 3rd period - Stopped by Michael Leighton with a rebound.
10:07 of 3rd period - Wrist shot by Iiro Pakarinen.
10:07 of 3rd period - Stopped by Michael Leighton without a rebound.
10:08 of 3rd period - Lauri Korpikoski wins face-off versus Scott Wilson in Quebec Rempart zone.
10:10 of 3rd period - Minor Penalty to Nick Ebert for Slashing.
10:11 of 3rd period - Lauri Korpikoski wins face-off versus Scott Wilson in Quebec Rempart zone.
12:10 of 3rd period - Penalty to Nick Ebert is over, Nick Ebert is back on ice.
12:21 of 3rd period - Off-side.
12:22 of 3rd period - Denis Malgin wins face-off versus Matt White in neutral zone.
12:30 of 3rd period - Miikka Salomaki is hit by Michael Joly and loses puck.
12:53 of 3rd period - Snap shot by Jean Dupuy.
12:53 of 3rd period - Shot Blocked by Ryan Kujawinski.
12:55 of 3rd period - Wrist shot by Zach Sill.
12:55 of 3rd period - Deflect By Mike Brown.
12:55 of 3rd period - Shot Misses the Net.
12:55 of 3rd period - Puck is out of play.
12:56 of 3rd period - Iiro Pakarinen wins face-off versus Lauri Korpikoski in Quebec Rempart zone.
12:57 of 3rd period - Wrist shot by Scott Wilson.
12:57 of 3rd period - Deflect By Iiro Pakarinen.
12:57 of 3rd period - Stopped by Michael Leighton without a rebound.
12:58 of 3rd period - Lauri Korpikoski wins face-off versus Scott Wilson in Quebec Rempart zone.
13:10 of 3rd period - Snap shot by Lauri Korpikoski.
13:10 of 3rd period - Shot Misses the Net.
13:30 of 3rd period - Backhand shot by Jujhar Khaira.
13:30 of 3rd period - Stopped by Anthony Stolarz without a rebound.
13:31 of 3rd period - Jujhar Khaira wins face-off versus Laurent Dauphin in Chicoutimi Sagueneens zone.
13:32 of 3rd period - Snap shot by Ryan Kujawinski.
13:32 of 3rd period - Goal by Ryan Kujawinski - Quebec Rempart : 5 - Chicoutimi Sagueneens : 2.
13:33 of 3rd period - Scott Wilson wins face-off versus Lauri Korpikoski in neutral zone.
13:44 of 3rd period - Wrist shot by Scott Wilson.
13:44 of 3rd period - Goal by Scott Wilson - Quebec Rempart : 5 - Chicoutimi Sagueneens : 3.
13:45 of 3rd period - Lauri Korpikoski wins face-off versus Scott Wilson in neutral zone.
13:59 of 3rd period - Yohann Auvitu is hit by Jamie Oleksiak and loses puck.
14:39 of 3rd period - Miikka Salomaki is hit by Nick Moutrey and loses puck.
14:54 of 3rd period - Scott Wilson is hit by Lauri Korpikoski and loses puck.
16:01 of 3rd period - Slapshot by Denis Malgin.
16:01 of 3rd period - Stopped by Anthony Stolarz with a rebound.
16:11 of 3rd period - Slapshot by Chris Summers.
16:11 of 3rd period - Shot Misses the Net.
16:14 of 3rd period - Icing by Andrew Bodnarchuk.
16:15 of 3rd period - Lauri Korpikoski wins face-off versus Scott Wilson in Quebec Rempart zone.
16:15 of 3rd period - Lauri Korpikoski is hit by Derrick Pouliot.
16:28 of 3rd period - Minor Penalty to Jamie Oleksiak for Hooking.
16:29 of 3rd period - Lauri Korpikoski wins face-off versus Scott Wilson in Chicoutimi Sagueneens zone.
16:41 of 3rd period - Slapshot by Derrick Pouliot.
16:41 of 3rd period - Stopped by Michael Leighton with a rebound.
16:43 of 3rd period - Slapshot by Derrick Pouliot.
16:43 of 3rd period - Shot Misses the Net.
18:28 of 3rd period - Penalty to Jamie Oleksiak is over, Jamie Oleksiak is back on ice.
18:44 of 3rd period - Icing by Jacob De La Rose.
18:45 of 3rd period - Jujhar Khaira wins face-off versus Stanislav Galiev in Chicoutimi Sagueneens zone.
18:54 of 3rd period - Scott Wilson is hit by Michael Joly and loses puck.
19:31 of 3rd period - Colton Hargrove is hit by Jamie Oleksiak and loses puck.
19:46 of 3rd period - Rocco Grimaldi is hit by Joseph LaBate and loses puck.
Goals for this period are 2 for Quebec Rempart vs 3 for Chicoutimi Sagueneens.
Shots for this period are 8 for Quebec Rempart vs 15 for Chicoutimi Sagueneens.